 Dungeon Crawl Stone Soup version 0.29-a0-870-g2c972031a6 (webtiles) character file.

Game seed: 15780917796738213504

2599 kevlar127 the Grappler (level 9, 0/133 (139) HPs)
             Began as a Troll Berserker on July 17, 2022.
             Was an Elder of Trog.
             Slain by a gnoll
             ... wielding a +0 halberd
             ... led by a gnoll bouda
              (8 damage)
             ... on level 8 of the Dungeon.
             The game lasted 00:19:03 (5949 turns).

kevlar127 the Grappler (Troll Berserker)            Turns: 5949, Time: 00:19:04

HP:   0/133 (139)   AC:  4    Str: 37    XL:     9   Next: 33%
MP:   8/8           EV: 10    Int:  3    God:    Trog [****..]
Gold: 363           SH:  0    Dex:  9    Spells: 8/8 levels left

rFire   . . .      SeeInvis .     - Unarmed
rCold   . . .      Faith    .   (no shield)
rNeg    . . .      Spirit   .   a - +0 animal skin
rPois   .          Reflect  .   (helmet restricted)
rElec   .          Harm     .   (no cloak)
rCorr   .          Rampage  .   (gloves unavailable)
Will    +....                   (boots unavailable)
Stlth   ..........              (no amulet)
HPRegen 1.12/turn               w - +6 ring of strength
MPRegen 0.11/turn               K - ring of willpower

@: berserking (expiring), lightly drained, very quick
A: large, unfitting armour, claws 3, regeneration 1, shaggy fur 1, tough skin 1
a: Renounce Religion, Berserk, Trog's Hand, Brothers in Arms


You were on level 8 of the Dungeon.
You worshipped Trog.
Trog was greatly pleased with you.
You visited 1 branch of the dungeon, and saw 8 of its levels.
You also visited: Ossuary.

You collected 405 gold pieces.
You spent 42 gold pieces at shops.

Inventory:

Missiles
 d - 68 stones
 q - 4 curare-tipped darts
 t - 8 poisoned darts
 v - 6 boomerangs (quivered)
Armour
 a - a +0 animal skin (worn)
 G - a +0 kite shield
Jewellery
 w - a +6 ring of strength (left claw)
 H - a ring of protection from fire
 K - a ring of willpower (right claw)
 M - the ring of the Republic {rPois rC+ AC+4 Str+2 Int-5}
   (You found it on level 7 of the Dungeon)

   [ring of protection]

   AC:        It affects your AC (+4).
   Str:       It affects your strength (+2).
   Int:       It affects your intelligence (-5).
   rC:        It protects you from cold.
   rPois:     It protects you from poison.
Wands
 r - a wand of flame (34)
 C - a wand of digging (4)
 E - a wand of polymorph (12)
Scrolls
 b - a scroll of noise {unknown}
 e - 2 scrolls of enchant armour {unknown}
 f - a scroll of enchant weapon {unknown}
 g - 2 scrolls of fog {unknown}
 j - 5 scrolls of teleportation
 m - 5 scrolls of identify {unknown}
 o - 3 scrolls of poison {unknown}
 p - 2 scrolls of fear {unknown}
 u - 4 scrolls of torment {unknown}
 x - a scroll of blinking {unknown}
 y - a scroll of vulnerability {unknown}
 A - a scroll of immolation {unknown}
 B - a scroll of magic mapping {unknown}
 I - a scroll of brand weapon {unknown}
Potions
 c - 4 potions of brilliance {unknown}
 h - a potion of might {unknown}
 i - 3 potions of heal wounds {unknown}
 k - a potion of resistance {unknown}
 l - a potion of magic {unknown}
 n - 2 potions of mutation {unknown}
 s - 3 potions of curing {unknown}
 z - 2 potions of berserk rage {unknown}
 D - a potion of lignification {unknown}
 F - a potion of attraction {unknown}
 J - a potion of flight {unknown}
 L - a potion of haste {unknown}


   Skills:
 + Level 7.0 Fighting
 + Level 5.1 Throwing
 - Level 3.0 Dodging
 + Level 8.5 Unarmed Combat


You had 8 spell levels left.
You didn't know any spells.
Your spell library was empty.

Dungeon Overview and Level Annotations

Branches:
Dungeon (8/15)             Temple (0/1) D:4         Ossuary (visited)
   Lair: D:8-11

Altars:
Uskayaw

Shops:
D:1 (   D:2 [*[?!


Innate Abilities, Weirdness & Mutations

You are too large for most types of armour.
You have claws for hands.
Your natural rate of healing is unusually fast.
You are covered in fur. (AC +1)
You have tough skin. (AC +1)


Message History

The wight hits you with a +3 morningstar!
You feel drained.
* * * LOW HITPOINT WARNING * * *
The gnoll closely misses you.
Things that are here:
a +0 spear; a gnoll corpse You mangle the gnoll!!
You kill the gnoll!
Trog accepts your kill.
Your Throwing skill increases to level 5!
A wight comes into view. It is wielding a +0 hand axe.
The gnoll hits you with a +0 halberd!
* * * LOW HITPOINT WARNING * * *
The wight hits you with a +3 morningstar!
* * * LOW HITPOINT WARNING * * *
You feel drained.
* * * LOW HITPOINT WARNING * * *
Things that are here:
a +0 spear; a gnoll corpse You mangle the gnoll!!
You kill the gnoll!
Trog accepts your kill. The gnoll barely misses you.
The wight hits you with a +3 morningstar!
* * * LOW HITPOINT WARNING * * *
You barely miss the wight. You claw the wight!
You destroy the wight!
Trog accepts your kill.
Found 6 gold pieces.
The gnoll barely misses you. The wight hits you with a +0 hand axe.
* * * LOW HITPOINT WARNING * * *
You feel drained.
Items here: )) [[.
Unknown command.
Unknown command.
You mangle the wight!!
You destroy the wight!
Trog accepts your kill. The gnoll hits you with a +0 halberd!
You die...

## ... .# #..
.# #... .#
#.$. .## #...#
##..##
.#....##<.).#
......))@g..##
$.....#))....#
.....
####......
...... .....#
#..... ......
..... ##(#.
...y.. ##
......
###......


You could see a gnoll.

Vanquished Creatures
  Psyche (D:7)
  Sigmund (D:2)
  A steam dragon (D:6)
  2 orc warriors (D:7)
  A sky beast (D:7)
  A black bear (D:6)
  2 ogres
  A kobold brigand (D:6)
  2 bullfrogs (D:7)
  3 scorpions
  3 wights (D:8)
  3 centaur zombies (Ossuary)
  5 hounds
  A gnoll bouda (D:8)
  5 orc priests
  Jessica (D:3)
  3 iguanas
  4 orc wizards
  2 mummies (Ossuary)
  6 gnolls
  11 adders
  2 shadow imps
  An ufetubus (D:5)
  2 adder zombies (Ossuary)
  3 worms
  3 dart slugs
  27 orcs
  4 endoplasms
  3 giant cockroaches
  3 goblins
  8 hobgoblins
  3 jackals (D:4)
  4 quokkas
  6 ball pythons
  7 bats
  2 frilled lizards (D:1)
  11 hobgoblin zombies (Ossuary)
  A jackal zombie (Ossuary)
  6 kobolds
  11 kobold zombies (Ossuary)
  6 orc zombies (Ossuary)
  3 rats
  3 rat zombies (Ossuary)
178 creatures vanquished.

Notes
Turn   | Place    | Note
-------+----------+-------------------------------------------
     0 | D:1      | kevlar127 the Troll Berserker began the quest for the Orb.
     0 | D:1      | Reached XP level 1. HP: 22/22 MP: 0/0
   380 | D:1      | Reached XP level 2. HP: 29/29 MP: 1/1
   560 | D:1      | Found Taus's Weapon Boutique.
   629 | D:1      | Found a faded altar of an unknown god.
   659 | D:1      | Reached ** piety under Trog
   670 | D:1      | You fall into a shaft and drop 1 floor!
   681 | D:2      | Reached XP level 3. HP: 36/36 MP: 2/2
   721 | D:2      | Found Paqui's General Store.
   731 | D:2      | Bought a scroll of teleportation for 42 gold pieces
   777 | D:2      | Found Arebryte's Antique Armour Emporium.
   887 | D:2      | Found Utsuiriff's Distillery.
   944 | D:2      | Noticed Sigmund
   953 | D:2      | Killed Sigmund
   954 | D:2      | Reached skill level 4 in Unarmed Combat
   954 | D:2      | Reached XP level 4. HP: 41/48 MP: 3/3
   954 | D:2      | Reached XP level 5. HP: 47/54 MP: 4/4
  1109 | D:2      | Found Tunumn's Magic Scroll Boutique.
  1307 | D:2      | Found Tidoavox's Armour Emporium.
  2037 | D:3      | Noticed Jessica
  2053 | D:3      | Killed Jessica
  2054 | D:3      | Reached skill level 5 in Unarmed Combat
  2054 | D:3      | Reached XP level 6. HP: 55/62 MP: 5/5
  2395 | D:4      | Reached *** piety under Trog
  2499 | D:4      | Found a staircase to the Ecumenical Temple.
  2543 | D:4      | Found a sand-covered staircase.
  2743 | Ossuary  | Entered an ossuary
  2879 | Ossuary  | Reached **** piety under Trog
  2886 | Ossuary  | Reached XP level 7. HP: 70/71 MP: 6/6
  2932 | Ossuary  | Reached skill level 5 in Fighting
  2932 | Ossuary  | Reached skill level 6 in Unarmed Combat
  3243 | D:5      | Entered Level 5 of the Dungeon
  3319 | D:5      | Reached skill level 1 in Throwing
  3415 | D:5      | Found a hide-covered altar of Uskayaw.
  3642 | D:5      | Found a glowing drain.
  4098 | D:6      | Reached XP level 8. HP: 79/81 MP: 7/7
  4195 | D:6      | Reached skill level 7 in Unarmed Combat
  5292 | D:7      | Reached ***** piety under Trog
  5306 | D:7      | Reached skill level 8 in Unarmed Combat
  5306 | D:7      | Reached XP level 9. HP: 64/92 MP: 8/8
  5597 | D:7      | Identified the ring of the Republic {rPois rC+ AC+4 Str+2
                  | Int-5}
  5870 | D:8      | Noticed Psyche
  5883 | D:7      | Killed Psyche
  5944 | D:8      | Reached skill level 5 in Throwing
  5945 | D:8      | HP: 6/132 [wight/+3 morningstar (13)]
  5949 | D:8      | Slain by a gnoll

Illustrated notes

Levels and vault maps discovered:
D:1:      eino_arrival_water_star, layout_basic, serial_shops,
          nicolae_shop_stone, dreamdust_ecumenical_altar_angels_and_demons,
          minmay_heptomino_o4
D:2:      layout_basic, serial_shops, shop, shop, nicolae_shop_stone,
          nicolae_shop_hallway_plus, nicolae_square_shop, uniq_sigmund
D:3:      layout_rooms, uniq_jessica
D:4:      cheibrodos_helix_gallery, layout_cave_pools,
          minmay_temple_entry_large_hall, nicolae_ossuary_entry_ruins,
          kennysheep_orc_chapel
D:5:      layout_basic, nicolae_uskayaw_murder_on_the_dancefloor,
          cheibrodos_sewer_entry_sluice, small_statue_intersection
D:6:      layout_loops_cross
D:7:      layout_basic
D:8:      layout_cave_pools, serial_shops, shop, minmay_crystal_room,
          kennysheep_small_circle, uniq_psyche

Skill      XL: |  1  2  3  4  5  6  7  8  9 |
---------------+----------------------------+-----
Dodging        | 3 |  3.0
Fighting       | 3 4 5 6 7 |  7.0
Unarmed Combat | 4 5 6 8 |  8.5
Throwing       | 2 4 5 |  5.1

Action                   |  1- 3 |  4- 6 |  7- 9 || total
-------------------------+-------+-------+-------++-------
Melee: Unarmed           |    87 |   146 |   191 ||   424
       Punch             |       |     3 |    11 ||    14
Throw: Stone             |       |     1 |       ||     1
       Boomerang         |       |       |     3 ||     3
Invok: Berserk           |     1 |       |     4 ||     5
       Trog's Hand       |       |     2 |     1 ||     3
 Stab: Sleeping          |       |     1 |       ||     1
Armor: Animal skin       |    32 |    35 |    46 ||   113
Dodge: Dodged            |    57 |    65 |   102 ||   224

Table legend: (Time is in decaauts)
 A = Elapsed time spent in this place.
 B = Non-inter-level travel time spent in this place.
 C = Inter-level travel time spent in this place.
 D = Time resting spent in this place.
 E = Time spent auto-exploring this place.
 F = Levels seen in this place.
 G = Mean time per level.
                   A        B        C        D        E       F      G
               +--------+--------+--------+--------+--------+-----+--------+
         Total |   5943 |   5224 |    719 |   1244 |   3039 |   9 |  660.3 |
       Dungeon |   5703 |   4984 |    719 |   1244 |   2958 |   8 |  712.9 |
       Ossuary |    239 |    239 |      0 |      0 |     81 |   1 |  239.0 |
               +--------+--------+--------+--------+--------+-----+--------+

Top non-repeatable levels by time:
     D:1: 1188 daAuts
     D:6: 1028 daAuts
     D:5: 839 daAuts
     D:7: 817 daAuts
     D:2: 741 daAuts
     D:4: 580 daAuts
     D:3: 487 daAuts
 Ossuary: 239 daAuts
     D:8: 20 daAuts
